[Event "Late-Titled-Tuesday-Blitz-January-16-2024"]
[Site "Chess.com"]
[Date "2024.01.16"]
[Round "7"]
[White "Jarrahi2452"]
[Black "vladislavkovalev"]
[Result "0-1"]
[WhiteElo "2625"]
[BlackElo "2843"]
[TimeControl "180+1"]
[EndTime "15:18:37 PST"]
[Termination "vladislavkovalev won by resignation"]

1. d4 Nf6 2. Bf4 d5 3. e3 c5 4. c3 e6 5. Nf3 Bd6 6. Bg3 Qc7 7. Nbd2 Nbd7 8. Bd3 O-O 9. O-O Bxg3 10. hxg3 e5 11.
dxe5 Nxe5 12. Nxe5 Qxe5 13. Nf3 Qe7 14. c4 dxc4 15.
Bxc4 b6 16. a4 Be6 17. Qb3 Bxc4 18. Qxc4 Qe4 19. Qxe4 Nxe4 20. Rfd1 Rfd8 21. Kf1 f6 22. Ke2 Kf7 23. Nd2 Nxd2 24. Rxd2 Rxd2+ 25. Kxd2 Rd8+ 26. Kc3 Ke6 27. f3 h5 28. Rh1 g6 29. Kc2 f5 30.
Rh4 Ke5 31. b4 Rd5 32. Kc3 Rd1 33. bxc5 bxc5 34. Kc4 Rd2 35. Kxc5 Rxg2 36. Rd4 Rxg3 37. f4+ Kf6 38. Rd6+ Kg7 39. Kd4 h4 40. Rd7+ Kh6 41.
Rxa7 h3 42. Rb7 h2 43. Rb8 Kg7 44. Rb7+ Kf6 45. Rh7 Rg2 46. a5 Rd2+ 47. Kc3 Ra2 48. a6 Ke6 49. a7 Kd5 50. Rxh2 Rxa7 51.
Rg2 Ke4 52. Rxg6 Kxe3 53. Re6+ Kxf4 54. Kd2 Ra4 55. Rf6 Re4 56. Rf8 Re7 57. Kd3 Kg4 58.
Rg8+ Kf3 59. Rd8 f4 60. Rd5 Kg3 61. Rg5+ Kf2 62. Ra5 f3 63. Ra8 Kf1 64. Rg8 f2 65. Kd2 Rd7+ 66. Kc2 Rd5 67. Rg6 Ke2 68. Re6+ Kf3 69.
Rf6+ Ke3 70. Kc3 Rd1 71. Re6+ Kf3 72. Rf6+ Kg3 73. Rg6+ Kh4 74. Rf6 f1=Q 0-1

[Event "Late-Titled-Tuesday-Blitz-January-16-2024"]
[Site "Chess.com"]
[Date "2024.01.16"]
[Round "7"]
[White "Polish_fighter3000"]
[Black "AntonSmirnov"]
[Result "0-1"]
[WhiteElo "3102"]
[BlackElo "2968"]
[TimeControl "180+1"]
[EndTime "15:18:41 PST"]
[Termination "AntonSmirnov won by resignation"]

1. e4 e5 2. Nf3 Nf6 3. Nxe5 d6 4.
Nf3 Nxe4 5. Nc3 Nxc3 6. dxc3 Be7 7. Be3 O-O 8. Qd2 Nd7 9. O-O-O c6 10. Kb1 Re8 11. h4 d5 12. c4 Nf6 13. Qc3 Bg4 14.
Bd3 a5 15. a3 h6 16. Rhg1 Qc8 17. Qb3 a4 18. Qa2 Rd8 19. Bd4 Be6 20. Rde1 c5 21. Bxf6 Bxf6 22. g4 Bxg4 23. Ne5 Bxe5 24. Rxe5 d4 25.
Ka1 Qc7 26. f4 f6 27. Ree1 Re8 28. Qb1 f5 29. Qc1 h5 30. Qd2 b6 31. Qf2 Kh7 32. Kb1 Rad8 33. Kc1 Qf7 34. Rxe8 Rxe8 35. Re1 Rxe1+ 36.
Qxe1 Qf6 37. Kb1 Qd6 38. Qf2 Qe6 39. Qg2 Qe3 40. Qc6 Qxf4 41. Qxb6 Qe5 42. Qc6 g6 43. Qxa4 f4 44. Qa7+ Kh6 45. Qa8 Bf5 46. Qf8+ Kh7 47. Qf7+ Kh6 48. Qf8+ Kh7 49. Bxf5 gxf5 50. Qf7+ Kh6 51.
Qf8+ Kg6 52. Qg8+ Kf6 53. Qh8+ Ke6 54. Qe8+ Kd6 55. Qb8+ Ke6 56. Qe8+ Kd6 57. Qxe5+ Kxe5 58. Kc1 f3 59. Kd2 Kf4 60. Ke1 Kg3 61. Kf1 Kxh4 62. Kf2 Kg4 63. a4 h4 64. a5 h3 65. Kg1 Kg3 66. a6 h2+ 0-1

[Event "Late-Titled-Tuesday-Blitz-January-16-2024"]
[Site "Chess.com"]
[Date "2024.01.16"]
[Round "7"]
[White "Incognito_Knight"]
[Black "Maxfan2008"]
[Result "1-0"]
[WhiteElo "2751"]
[BlackElo "2524"]
[TimeControl "180+1"]
[EndTime "15:18:46 PST"]
[Termination "Incognito_Knight won by resignation"]

1. e4 c5 2. d4 cxd4 3. Qxd4 Nc6 4. Qd3 g6 5. Nf3 Bg7 6. Nc3 d6 7. Be2 Nf6 8. O-O O-O 9. Nd5 b6 10. Bg5 Nd7 11. c3 Bb7 12. Rad1 Re8 13. Qc2 Rc8 14. Qc1 Nc5 15. Qe3 Ne6 16. Bh4 Na5 17. h3 Nc4 18. Qc1 Qd7 19. Rfe1 f6 20. b3 Na5 21. c4 Nc6 22.
Qd2 Nc5 23. Qe3 Rf8 24. Nd4 e6 25. Nxc6 Bxc6 26. Nc3 f5 27. exf5 exf5 28. Nd5 Bxd5 29. Rxd5 Rce8 30. Qc1 Re4 31. Bg3 Rfe8 32. Rxd6 Qe7 33.
Rd2 Bh6 34. Kf1 Bxd2 35. Qxd2 Rd8 36. Qc2 Nd3 37. Rd1 Nc5 38. Rxd8+ Qxd8 39. Bf3 Rd4 40.
Bd5+ Rxd5 41. cxd5 Qxd5 42. Kg1 Qe4 43. Qd2 Qb1+ 44.
Kh2 Qd3 45. Qf4 Ne4 46. Qb8+ Kg7 47. Qxa7+ Kh6 48. Bf4+ g5 49. Qxb6+ Kh5 50. Be3 f4 51. Qd4 Qb1 52. Bxf4 gxf4 53. Qe5+ Ng5 54. Qxf4 Qe4 55.
Qxe4 Nxe4 56. f3 Nc3 57. a4 Kg5 58. a5 Nb5 59. Kg3 h5 60. f4+ Kf5 61. b4 Na7 62.
Kf3 Nc6 63. g4+ hxg4+ 64. hxg4+ Kf6 65. a6 Na7 66. g5+ Kg6 67. Kg4 1-0

[Event "Late-Titled-Tuesday-Blitz-January-16-2024"]
[Site "Chess.com"]
[Date "2024.01.16"]
[Round "7"]
[White "GrotBchess"]
[Black "jmpion"]
[Result "0-1"]
[WhiteElo "2327"]
[BlackElo "2531"]
[TimeControl "180+1"]
[EndTime "15:18:49 PST"]
[Termination "jmpion won by checkmate"]

1. e4 c5 2. Nf3 d6 3. Bb5+ Nd7 4. c3 Nf6 5. Qe2 a6 6. Ba4 b5 7. Bc2 e5 8. O-O Be7 9. d4 cxd4 10. cxd4 O-O 11.
dxe5 Nxe5 12. Nxe5 dxe5 13. Rd1 Qc7 14. Bg5 Bg4 15.
f3 Be6 16. Nc3 b4 17. Bxf6 Bc5+ 18. Kh1 bxc3 19. Bh4 cxb2 20. Rab1 Bd4 21. Bb3 Bxb3 22. axb3 Rab8 23. Bf2 Bc3 24. Qc2 Rfc8 25. h3 Qb7 26. Qe2 a5 27. Be1 Qxb3 28. Bxc3 Qxc3 29. Qa6 h6 30. Qa7 Qc7 31. Qf2 a4 32. Rxb2 a3 33. Rxb8 Qxb8 34. Kh2 Qb2 35. Rd2 Qc3 36. Ra2 Rb8 37.
Qa7 Rb3 38. Qa8+ Kh7 39. Qa7 Kg6 40. Qa6+ f6 41. Qa8 Qe3 42. Qe8+ Kh7 43. Qe6 Qf4+ 44. Kg1 Rb1+ 45. Kf2 Rb2+ 46. Rxb2 axb2 47. Qb3 Qd2+ 48.
Kg3 Qf4+ 49. Kf2 Qc1 50. Qe6 b1=Q 51. Qf5+ Kg8 52. Qe6+ Kf8 53. Qd6+ Ke8 54. Qe6+ Kd8 55. Qg8+ Kc7 56. Qxg7+ Kb8 57. Qf8+ Qc8 58. Qxf6 Qc5+ 59.
Kg3 Qe1+ 60. Kg4 h5+ 61. Kxh5 Qec3 62. Qd8+ Kb7 63. Qd7+ Kb6 64. Qd8+ Qc7 65. Qd5 Qh7+ 66. Kg4 Qg6+ 67. Kh4 Qe1+ 68. g3 Qexg3# 0-1

[Event "Late-Titled-Tuesday-Blitz-January-16-2024"]
[Site "Chess.com"]
[Date "2024.01.16"]
[Round "7"]
[White "campochess"]
[Black "babero_gordo"]
[Result "0-1"]
[WhiteElo "2112"]
[BlackElo "1972"]
[TimeControl "180+1"]
[EndTime "15:18:49 PST"]
[Termination "babero_gordo won on time"]

1. d4 Nf6 2. Bg5 g6 3. Bxf6 exf6 4. c4 Bg7 5. Nc3 f5 6. g3 O-O 7. Bg2 d6 8. e3 Nd7 9. Nge2 Re8 10. O-O Nf6 11.
Qc2 c6 12. a4 Qe7 13. a5 Ne4 14.
b4 h6 15. Ra3 d5 16. cxd5 Qxb4 17. Ra4 Qd6 18. dxc6 Qxc6 19. Qb3 Bd7 20. Rc4 Qa6 21.
Rc7 Be6 22. Qb4 Bf8 23. Qxb7 Qxa5 24. d5 Rab8 25. Qxa7 Qxa7 26. Rxa7 Nxc3 27. Nxc3 Bc8 28. Rd1 Bd6 29. Ne2 Rb2 30. Nd4 Bc5 31. Rc7 Bb6 32.
Rc2 Rxc2 33. Nxc2 Bd7 34. Nd4 Rc8 35. h4 Rc5 36. Nc6 Bxc6 37. dxc6 Bc7 38. Rd7 Rc1+ 39. Kh2 Bb6 40. Bd5 Rc2 41. Bxf7+ Kf8 42. Kg1 Rc1+ 43. Kg2 Rxc6 44. Bd5 Rf6 45. Rb7 Bc5 46. Kf3 Bd6 47. h5 gxh5 48. Rh7 Be5 49. Rb7 Bd6 50. Kg2 Be5 51.
Kh3 Rd6 52. Bf3 Rf6 53. Bxh5 Re6 54. Bf3 Re7 55. Rb5 Kg7 56. Kh4 Bf6+ 57. Kh5 Bg5 58. g4 fxg4 59. Bxg4 Rf7 60. f4 Bf6 61. Bf5 Bc3 62.
e4 Bd2 63. Rb3 Bxf4 64. Rf3 Bg5 0-1

[Event "Late-Titled-Tuesday-Blitz-January-16-2024"]
[Site "Chess.com"]
[Date "2024.01.16"]
[Round "7"]
[White "karinachess1"]
[Black "DeArron_Fox"]
[Result "1-0"]
[WhiteElo "2632"]
[BlackElo "2451"]
[TimeControl "180+1"]
[EndTime "15:18:51 PST"]
[Termination "karinachess1 won on time"]

1. d4 d5 2. c4 e6 3. Nc3 Nf6 4.
cxd5 exd5 5. Bg5 c6 6. e3 Be7 7.
Bd3 Nbd7 8. h3 Nf8 9. Qc2 Ne6 10. Bh4 g6 11. Nge2 Ng7 12. g4 h5 13. O-O-O Be6 14. f3 Nd7 15. Bg3 Nb6 16. b3 Bd6 17. Bxd6 Qxd6 18. e4 dxe4 19. fxe4 hxg4 20. hxg4 O-O-O 21. g5 Nh5 22. Kb2 Kb8 23. Qd2 a5 24. Bc2 Qb4 25. Ka1 a4 26. Nxa4 Qxd2 27. Rxd2 Nxa4 28. bxa4 Bc4 29.
Nc3 Ng3 30. Rxh8 Rxh8 31. d5 cxd5 32. exd5 Nf1 33. Rf2 Ne3 34. Be4 Rh4 35. Rxf7 Rg4 36. Rf8+ Kc7 37. Rf7+ Kd6 38. Rf6+ Kc5 39. Rxg6 Rg1+ 40.
Kb2 Kd4 41. Re6 Rf1 42. Nb5+ Bxb5 43. axb5 Rf2+ 44. Ka3 Nc4+ 45. Kb3 Rb2+ 46. Ka4 Rxa2+ 47. Kb3 Rb2+ 48. Ka4 Nb6+ 49. Rxb6 Ra2+ 50. Kb3 Ra1 51. Re6 Re1 52. g6 Re3+ 53. Kb4 Re2 54. Ka5 Kc5 55.
Ka4 Rb2 56. g7 Kc4 57. Ka3 Rb3+ 58. Ka2 Rg3 59. Re7 Rg4 60. Kb2 Rg3 61. Kc2 Rg4 62.
Kd2 Kd4 63. Ke2 Kc5 64. Kf3 Rg5 65. Bh7 Kd6 66. Re6+ Kxd5 67. Rg6 Rf5+ 68. Kg4 1-0

[Event "Late-Titled-Tuesday-Blitz-January-16-2024"]
[Site "Chess.com"]
[Date "2024.01.16"]
[Round "7"]
[White "rasmussvane"]
[Black "chika-lily"]
[Result "1-0"]
[WhiteElo "2983"]
[BlackElo "2758"]
[TimeControl "180+1"]
[EndTime "15:18:52 PST"]
[Termination "rasmussvane won on time"]

1. Nf3 d5 2. g3 g6 3. Bg2 Bg7 4. d4 Nf6 5. O-O O-O 6. c4 c6 7.
Qb3 Qb6 8. Nc3 Rd8 9. Bd2 Bf5 10.
Na4 Qc7 11. Bf4 Qc8 12. Rfc1 dxc4 13. Qa3 Nbd7 14. Ne5 Nb6 15. Nxb6 axb6 16. Qxe7 Be6 17. Nxc4 Rd7 18. Qb4 Rxd4 19. Be5 Rxc4 20. Rxc4 Bxc4 21.
Qxc4 b5 22. Qd4 Qe6 23. a3 Re8 24. f4 h5 25. h3 h4 26. g4 Qe7 27. Rd1 Qe6 28.
Bf3 Qe7 29. Kg2 Ra8 30. Rd3 Ne8 31. Qd7 Qxd7 32. Rxd7 Bxe5 33. fxe5 Rb8 34. e3 Ng7 35. Bd1 Ne6 36. Bb3 Ng5 37. e6 Nxe6 38. Bxe6 fxe6 39.
Kf3 Kf8 40. Ke4 Kg8 41. Ke5 Rf8 42. Ke4 Rf7 43. Rd6 Rf6 44. b3 Kg7 45. a4 Kf7 46.
axb5 cxb5 47. Rb6 Rf1 48. Rxb7+ Kf6 49. Rxb5 Rh1 50. g5+ Ke7 51. Rb7+ Kd6 52. Rg7 Rxh3 53. Rxg6 Rg3 54. Rg8 h3 55. Kf4 Rg1 56. Rh8 Rb1 57.
Rxh3 Rxb3 58. Rh7 e5+ 59. Ke4 Rb4+ 60. Kf5 Rb1 61. g6 Rf1+ 62. Kg5 Rg1+ 63. Kf6 Rf1+ 64. Kg7 Rg1 65. Kf7 Rf1+ 66. Kg8 Rg1 67. g7 Kd5 68. Kh8 Ke4 69. Rh3 Rg5 70. g8=Q 1-0

[Event "Late-Titled-Tuesday-Blitz-January-16-2024"]
[Site "Chess.com"]
[Date "2024.01.16"]
[Round "7"]
[White "IraZyne"]
[Black "ThaBarWa"]
[Result "0-1"]
[WhiteElo "2253"]
[BlackElo "2397"]
[TimeControl "180+1"]
[EndTime "15:18:55 PST"]
[Termination "ThaBarWa won on time"]

1. e4 e6 2. d4 d5 3. exd5 exd5 4. Nf3 Nf6 5. Bd3 c5 6. c3 Nc6 7. dxc5 Bxc5 8. O-O O-O 9. Nbd2 a6 10. h3 h6 11. Nb3 Ba7 12. Re1 Be6 13. Be3 Bb8 14. Nc5 Bc8 15. Qc2 Qd6 16. Rad1 Ne5 17. Nxe5 Qxe5 18.
f4 Qh5 19. Qf2 b6 20. Nb3 Ne4 21. Bxe4 dxe4 22. Bxb6 Bb7 23. Be3 Bc7 24. Rd7 Rac8 25. Nc5 Bc6 26. Rd2 a5 27. Red1 Kh7 28. Qe2 Qf5 29.
Rf1 Rcd8 30. g4 Qg6 31. f5 Qf6 32. Bd4 Qh4 33. Qe3 Rde8 34. f6 g6 35. Rg2 Rc8 36.
g5 h5 37. Qf2 Qxh3 38. Re1 e3 39. Rxe3 Qxg2+ 40. Qxg2 Bxg2 41. Kxg2 Bb6 42. b4 axb4 43.
cxb4 Bxc5 44. Bxc5 Rfe8 45. Be7 Rc4 46. a4 Rg4+ 47.
Rg3 Rc4 48. Kh3 Rec8 49. a5 Rc1 50. Re3 R8c2 51. Kg3 Rg1+ 52. Kf4 Ra1 53. Ke5 Raa2 54. Bc5 h4 55. Kd6 Rd2+ 56. Kc6 Re2 57. Rh3 Rh2 58.
Re3 Rac2 59. a6 h3 60. a7 Ra2 61. Kb7 Rhb2 62. Rxh3+ Kg8 63. Rd3 Ra1 64. Rd8+ Kh7 65. a8=Q Rxa8 66. Rxa8 Rxb4+ 0-1

[Event "Late-Titled-Tuesday-Blitz-January-16-2024"]
[Site "Chess.com"]
[Date "2024.01.16"]
[Round "7"]
[White "Viktor_Poddubnyi"]
[Black "cristiancamilosoto"]
[Result "0-1"]
[WhiteElo "2262"]
[BlackElo "2402"]
[TimeControl "180+1"]
[EndTime "15:19:04 PST"]
[Termination "cristiancamilosoto won on time"]

1. e4 c5 2. Nf3 e6 3. g3 Nc6 4.
Bg2 Nf6 5. e5 Ng4 6. b4 Ngxe5 7.
Nxe5 Nxe5 8. bxc5 d5 9. cxd6 Bxd6 10. O-O O-O 11. d4 Nc6 12. c4 Bd7 13. Nc3 Rc8 14. Be3 Na5 15. c5 Be7 16. Qe2 Bc6 17. Ne4 f5 18. Nd2 Bxg2 19. Kxg2 Qd5+ 20. Qf3 Rfd8 21. Rab1 Bf6 22. Rb5 b6 23. a4 Qa2 24.
cxb6 Qxa4 25. Rfb1 axb6 26. Rxb6 Qd7 27. R6b5 Nc4 28.
Nxc4 Rxc4 29. Rb7 Rc7 30. Rxc7 Qxc7 31. Rd1 Qd6 32. Qe2 Qd5+ 33. Kg1 e5 34. Re1 exd4 35.
Bd2 d3 36. Qe6+ Qxe6 37. Rxe6 Kf7 38. Ra6 h6 39. Kg2 Bg5 40. Bxg5 hxg5 41. Ra1 g4 42.
Kf1 Kf6 43. Ke1 Re8+ 44. Kd2 Re2+ 45. Kxd3 Rxf2 46. Rh1 Kg5 47. Ke3 Rf3+ 48. Ke2 Kf6 49.
Ra1 Rb3 50. Ra2 Kg5 51. Kf2 g6 52. Kg2 Kh5 53. Rc2 g5 54. Ra2 f4 55. Rc2 f3+ 56. Kf2 Rb1 57. Ra2 Rh1 58. Ke3 Rg1 59. Rb2 Rh1 60.
Ra2 Kg6 61. Rb2 Kf5 62. Ra2 Ke6 63. Rd2 Ke5 64. Ra2 Re1+ 65. Kf2 Rd1 66. Rb2 Ke4 67.
Rb4+ Rd4 68. Rb2 Kd3 69. Ra2 Rc4 70. Rb2 Rc2+ 71. Rxc2 Kxc2 72. h3 gxh3 73. Kxf3 g4+ 74. Kf2 Kd3 0-1

[Event "Late-Titled-Tuesday-Blitz-January-16-2024"]
[Site "Chess.com"]
[Date "2024.01.16"]
[Round "7"]
[White "jcibarra"]
[Black "mightysmasher"]
[Result "1-0"]
[WhiteElo "2871"]
[BlackElo "2564"]
[TimeControl "180+1"]
[EndTime "15:19:05 PST"]
[Termination "jcibarra won by checkmate"]

1. e4 e6 2. d4 d5 3. Nc3 dxe4 4. Nxe4 Nd7 5. Bd3 Ngf6 6. Qe2 c5 7. Nxf6+ Nxf6 8.
dxc5 Bxc5 9. Bg5 O-O 10. O-O-O Qe7 11. Nf3 a6 12. Ne5 h6 13. Bh4 b5 14. f4 Bb7 15. Ng4 Bd4 16. Bh7+ Kxh7 17. Rxd4 Rad8 18. Rhd1 Rxd4 19. Rxd4 Qc5 20. Qd3+ Ne4 21. Ne5 f5 22. Nd7 Qc8 23. Nxf8+ Qxf8 24. Rd8 Qc5 25. Qd4 Qxd4 26. Rxd4 Bd5 27. Be1 g5 28. g3 Kg6 29. b3 Nd6 30.
Bb4 Ne4 31. c4 bxc4 32. bxc4 Bc6 33. Be1 gxf4 34. gxf4 Kh5 35. h3 Kg6 36. Rd8 Kf7 37. Rc8 Bd7 38. Rc7 Ke8 39. Ra7 Nc5 40. Kd2 Ne4+ 41.
Ke3 Nc5 42. Kd4 Ne4 43. Rxa6 Kd8 44. Ra7 Ke8 45. a4 Kd8 46. a5 Kc8 47. a6 h5 48.
Ba5 Nd6 49. Rc7+ Kd8 50. a7 Ke7 51. Bb4 e5+ 52. fxe5 Kd8 53. Bxd6 Be6 54. a8=Q+ Bc8 55. e6 f4 56. Bxf4 h4 57. Bd6 Ke8 58. Ke5 Kd8 59.
Rh7 Ke8 60. Qc6+ Kd8 61. Rxh4 Bxe6 62. Qc7+ Ke8 63. c5 Bd7 64. Rh7 Bc6 65. h4 Bd7 66.
h5 Bc6 67. Rg7 Bd7 68. h6 Bc6 69. Bf8 Bd7 70. h7 Bc6 71. h8=Q Bd7 72. Qd6 Bc6 73. Kf6 Bd7 74. Qg8 Bc6 75. Qxc6+ Kd8 76. Qd6+ Ke8 77. Qge6# 1-0

[Event "Late-Titled-Tuesday-Blitz-January-16-2024"]
[Site "Chess.com"]
[Date "2024.01.16"]
[Round "7"]
[White "crazy_but_lazy"]
[Black "cthulhuuu"]
[Result "1-0"]
[WhiteElo "2592"]
[BlackElo "2442"]
[TimeControl "180+1"]
[EndTime "15:19:06 PST"]
[Termination "crazy_but_lazy won by resignation"]

1. d4 Nf6 2. Nf3 g6 3. Nc3 d5 4.
Bf4 Bg7 5. Nb5 Na6 6. e3 O-O 7. h3 c6 8. Nc3 Nc7 9. Be2 Ne6 10. Bh2 c5 11. O-O a6 12. Be5 cxd4 13. Nxd4 Nxd4 14.
Qxd4 Bf5 15. Bd3 Bxd3 16. Qxd3 e6 17. Rfd1 Rc8 18. Rd2 Qb6 19. Rb1 Nd7 20. Bxg7 Kxg7 21. e4 Ne5 22. Qg3 Nc4 23. Rd3 d4 24. Ne2 e5 25. c3 Nxb2 26. Qxe5+ f6 27. Qxd4 Qxd4 28.
Rxd4 Nc4 29. Rxb7+ Kh6 30. Rdd7 Rh8 31. h4 g5 32.
hxg5+ Kxg5 33. Rg7+ Kh6 34. Nd4 Nd6 35. Rbd7 Rcd8 36.
Rxd8 Rxd8 37. Ra7 Nxe4 38. Rxa6 Nxc3 39. Rxf6+ Kg7 40. Rc6 Rxd4 41. Rxc3 Rd1+ 42. Kh2 Rd2 43. a4 Rxf2 44. Ra3 Rf6 45. a5 Ra6 46. Kg3 Kg6 47.
Kf4 Kf6 48. Ke4 Ke6 49. Kd4 Kd6 50. g4 h6 51. Kc4 Kc6 52. Kb4 Ra8 53. a6 Rb8+ 54.
Kc4 Ra8 55. Kd4 Kd6 56. a7 Ke6 57. Kc5 Kf6 58. Kb6 Kg5 59. Ra4 Rf8 60. a8=Q Rxa8 61.
Rxa8 Kxg4 62. Rg8+ Kf4 63. Rh8 Kg5 64. Kc5 h5 65.
Kd4 h4 66. Ke3 Kg4 67. Kf2 Kh3 68. Kg1 Kg3 69. Kh1 Kh3 70. Ra8 1-0

[Event "Late-Titled-Tuesday-Blitz-January-16-2024"]
[Site "Chess.com"]
[Date "2024.01.16"]
[Round "7"]
[White "BardArtem"]
[Black "GulamaliRises"]
[Result "1-0"]
[WhiteElo "2814"]
[BlackElo "2618"]
[TimeControl "180+1"]
[EndTime "15:19:09 PST"]
[Termination "BardArtem won by resignation"]

1. e4 g6 2. d4 Bg7 3. Nc3 d6 4. Nf3 Nf6 5. Bg5 h6 6. Bh4 g5 7. Bg3 Nh5 8. Be2 e6 9. Qd2 Qe7 10. O-O-O a6 11. h4 Nxg3 12. fxg3 g4 13. Nh2 h5 14.
Rhf1 Bh6 15. Rf4 b5 16. e5 Bb7 17. Rdf1 Nd7 18. Kb1 b4 19. Nd1 dxe5 20. dxe5 Bxf4 21. Rxf4 c5 22. Qe3 Bxg2 23. Nf2 Bd5 24. Bc4 Nb6 25. Bd3 O-O-O 26. b3 Kb7 27. Nf1 Rd7 28. Nd2 Rc8 29. Nde4 c4 30. Nd6+ Rxd6 31. exd6 Qxd6 32. Rxf7+ Kb8 33.
Ne4 Bxe4 34. Bxe4 Qd1+ 35. Qc1 Qxc1+ 36. Kxc1 Nd5 37. Bxd5 exd5 38. Rf5 c3 39. Kd1 Re8 40. Rxh5 Re3 41. Rxd5 Rxg3 42. Rd4 a5 43. Rd5 Rg1+ 44. Ke2 Rg2+ 45. Kd1 g3 46. Rxa5 Kc7 47. Rg5 Rd2+ 48. Ke1 g2 49. h5 Rxc2 50. h6 Rxa2 51. h7 Ra8 52. Rxg2 Rh8 53. Rg4 Rxh7 54. Rxb4 Kd6 55. Rc4 Rh1+ 56. Ke2 Rh2+ 57. Kd3 Rh3+ 58. Kc2 Rh2+ 59.
Kxc3 Rh3+ 60. Kb4 Rh8 61. Rc1 Rb8+ 62. Ka3 Ra8+ 63. Kb2 Rb8 64. Rc4 Kd5 65. Kc3 Rf8 66. Kb2 Rb8 67. Rc1 Ra8 68. Rc2 Kd4 69. Rc3 Ra7 70.
Rc8 Rb7 71. Rc4+ Kd3 72. Rc8 Rb6 73. Rd8+ Ke4 74. Kc3 Rc6+ 75. Kb4 Rb6+ 76. Kc4 Rc6+ 77. Kb5 Rc7 78. b4 Rb7+ 79. Kc5 Ke5 80. Re8+ 1-0

[Event "Late-Titled-Tuesday-Blitz-January-16-2024"]
[Site "Chess.com"]
[Date "2024.01.16"]
[Round "7"]
[White "mbojan"]
[Black "reevecanada"]
[Result "1-0"]
[WhiteElo "2861"]
[BlackElo "2634"]
[TimeControl "180+1"]
[EndTime "15:19:22 PST"]
[Termination "mbojan won by checkmate"]

1. a3 e5 2. e3 Nf6 3. d4 e4 4. c4 c6 5. d5 d6 6. Nc3 Nbd7 7. Nge2 Nc5 8. Ng3 a5 9. Qc2 Qe7 10. b3 h5 11. h4 g6 12. Bb2 Bg7 13. Ncxe4 Nfxe4 14. Bxg7 Nxg3 15. fxg3 Qxe3+ 16. Qe2 Qxe2+ 17. Bxe2 Rg8 18. Bf6 Ne4 19. Bd4 Nxg3 20. Rg1 Nxe2 21. Kxe2 Bg4+ 22. Kf2 Kd7 23. Rge1 Rge8 24. Bf6 cxd5 25.
cxd5 Rac8 26. Kg3 Bf5 27. b4 a4 28. Kf3 b5 29. Kf4 Rc4+ 30. Kg5 Rg4+ 31. Kh6 Be4 32.
Rac1 Rxg2 33. Kg7 Rf2 34. Rc3 Bxd5 35. Rxe8 Kxe8 36. Rc7 Re2 37. Ra7 Bc4 38. Rb7 Re3 39. Ra7 Re4 40. Rb7 d5 41. Rxf7 d4 42. Rf8+ Kd7 43.
Rd8+ Kc7 44. Kxg6 d3 45. Kxh5 Re6 46. Bg5 Re5 47. Rd4 Kc6 48. Kg6 Bd5 49. h5 Re6+ 50. Kg7 Re5 51. Kg6 Be4+ 52. Kh6 Re6+ 53. Kg7 Re5 54.
Kh6 Bf5 55. Bf6 Re6 56. Kg5 Be4 57. h6 Bh7 58. Bg7 Rg6+ 59. Kf4 Rg1 60. Kf3 Rf1+ 61. Ke3 Ra1 62. Be5 Re1+ 63. Kf4 Re2 64. Rd6+ Kc7 65. Rxd3+ Kc8 66. Rc3+ Kd7 67. Rc7+ Ke6 68. Rxh7 Rf2+ 69. Ke4 Re2+ 70. Kd4 Rd2+ 71. Kc3 Ra2 72. Bg7 Rxa3+ 73. Kd4 Rb3 74. Kc5 a3 75. Rh8 a2 76. Ra8 Rh3 77.
Rxa2 Kf7 78. Kxb5 Kg8 79. Ra8+ Kh7 80. Ra6 Re3 81. Rc6 Rf3 82. Ka5 Rf5+ 83. b5 Rf1 84. b6 Rb1 85. Ka6 Kg8 86. b7 Kh7 87. Ka7 Kg8 88.
b8=Q+ Kf7 89. Qxb1 Kg8 90. Rc8+ Kf7 91. Qf5+ Ke7 92.
Bf8# 1-0

[Event "Late-Titled-Tuesday-Blitz-January-16-2024"]
[Site "Chess.com"]
[Date "2024.01.16"]
[Round "7"]
[White "SCIM"]
[Black "vugarrasulov"]
[Result "0-1"]
[WhiteElo "2591"]
[BlackElo "2975"]
[TimeControl "180+1"]
[EndTime "15:19:27 PST"]
[Termination "vugarrasulov won by resignation"]

1. d4 Nf6 2. c4 e6 3. Nc3 Bb4 4. e3 c5 5. Nf3 cxd4 6. exd4 d5 7. cxd5 Nxd5 8. Bd2 Nc6 9. Bd3 Be7 10. O-O O-O 11. Re1 Nf6 12. Bf4 b6 13. Qe2 Bb7 14.
Rad1 Nb4 15. Bb1 Nbd5 16. Bg3 Rc8 17. Ne4 Nh5 18. a3 Nhf4 19. Qd2 Ng6 20. h4 Nxh4 21. Nxh4 Bxh4 22. Be5 Be7 23. Qd3 f5 24. Ng3 Qd7 25.
Ba2 Bd6 26. Nh5 Bxe5 27. Rxe5 Kh8 28. Rde1 Qf7 29. Qh3 Rce8 30. Bxd5 Bxd5 31. Nf4 g6 32. Nxd5 exd5 33. Qe3 Rxe5 34. Qxe5+ Kg8 35. Qd6 Qf6 36. Qxd5+ Kh8 37. Re6 Rd8 38. Qe5 Qxe5 39. dxe5 Rd7 40. Rc6 Kg7 41. f4 Kh6 42. Kf2 Rd2+ 43. Kf3 Rxb2 44. Rc7 Rb3+ 45. Ke2 Rxa3 46. e6 Ra4 47.
Kf3 Re4 48. e7 a5 49. Rb7 Re1 50. g4 fxg4+ 51. Kxg4 a4 52. Kf3 a3 53. f5 gxf5 54. Rxb6+ Kg5 55. Ra6 Rxe7 56. Rxa3 Re4 57. Ra8 Rf4+ 58.
Kg3 Rg4+ 59. Kf3 h5 60. Rg8+ Kf6 61. Rh8 h4 62. Rh6+ Kg5 63. Rh8 Rg3+ 64. Kf2 Kg4 65. Rg8+ Kf4 66. Rh8 Rg4 67. Rh7 Ke4 68. Re7+ Kd5 69.
Rh7 Ra4 70. Rh8 Ke5 71. Kf3 Ra3+ 72. Kg2 Rg3+ 73. Kf2 Rg4 74. Kf3 Rf4+ 75. Kg2 Ke4 76. Re8+ Kd3 77. Rd8+ Ke3 78. Re8+ Re4 79. Rh8 f4 80.
Kh3 f3 81. Ra8 f2 82. Ra3+ Ke2 83. Ra2+ Kf3 84. Ra3+ Re3 85. Ra1 f1=Q+ 86. Rxf1+ Ke2+ 87. Kg2 Rg3+ 88. Kh1 Kxf1 0-1

[Event "Late-Titled-Tuesday-Blitz-January-16-2024"]
[Site "Chess.com"]
[Date "2024.01.16"]
[Round "7"]
[White "agvega14"]
[Black "AkatsukiLogHorizon"]
[Result "1/2-1/2"]
[WhiteElo "2137"]
[BlackElo "2263"]
[TimeControl "180+1"]
[EndTime "15:19:37 PST"]
[Termination "Game drawn by repetition"]

1. e4 c6 2. d4 d5 3. exd5 cxd5 4. Bd3 Nf6 5. c3 g6 6. h3 Bg7 7. Nf3 Nc6 8. Bf4 O-O 9. O-O Bd7 10. Re1 Re8 11.
Ne5 Nxe5 12. Bxe5 Nh5 13. Bxg7 Kxg7 14. Nd2 Qc7 15. Nf3 Nf6 16. Ne5 e6 17. Qf3 Bc6 18. Re3 Ne4 19. Nxc6 Qxc6 20. Bxe4 dxe4 21. Qxe4 Qb6 22.
b3 f6 23. c4 e5 24. d5 f5 25.
Qf3 e4 26. Qf4 Qd4 27. Rae1 b5 28. Qc7+ Kg8 29. d6 bxc4 30. Qxc4+ Qxc4 31. bxc4 Red8 32. c5 Rac8 33. Ra3 Rxc5 34. Rd1 Rc6 35. Rxa7 Rdxd6 36. Rxd6 Rxd6 37. a4 h6 38. h4 Kf8 39. a5 Ke8 40. g3 Kd8 41. a6 Kc8 42. Ra8+ Kc7 43. a7 Kb7 44. Rh8 Kxa7 45. Rxh6 Rb6 46. Kg2 Kb7 47. h5 gxh5 48. Rxh5 Rf6 49. Rg5 Kc6 50. g4 fxg4 51.
Rxg4 Kd5 52. Rg3 Kd4 53. Re3 Rg6+ 54. Kf1 Ra6 55. Kg2 Ra2 56. Kg3 Ra6 57. Kg2 Rf6 58.
Rg3 Rf5 59. Re3 Rg5+ 60. Rg3 Rh5 61. Re3 Rh6 62. Rg3 Ke5 63. Re3 Kf4 64. Rg3 Rf6 65.
Rg8 Rf5 66. Re8 Rg5+ 67. Kf1 Rf5 68. Re7 Kf3 69. Rg7 Rh5 70. Rg3+ Kf4 71. Ke2 Rh2 72. Re3 Rg2 73. Rc3 Rg1 74. Re3 Ra1 75. Rc3 Ra2+ 76. Kf1 Ra5 77. Re3 Rd5 78. Kg2 Rd3 79. Rg3 Rd2 80. Re3 Rd3 81. Re1 Rf3 82. Re2 Ra3 83. Re1 Ra2 84. Re3 Ra8 85. Re2 Rg8+ 86. Kf1 Rg6 87. Re3 Rh6 88. Ke2 Rh2 89. Rg3 Rh1 90. Re3 Ra1 91. Rg3 Ra2+ 92. Kf1 Rd2 93. Ke1 Rd4 94. Re3 Rc4 95. Rg3 Rc1+ 96. Ke2 Rc2+ 97. Ke1 Rc1+ 98. Ke2 Rh1 99. Re3 Rh2 100. Rg3 Rh1 1/2-1/2

[Event "Late-Titled-Tuesday-Blitz-January-16-2024"]
[Site "Chess.com"]
[Date "2024.01.16"]
[Round "7"]
[White "RobertoJBM"]
[Black "iturrizaga"]
[Result "1/2-1/2"]
[WhiteElo "2801"]
[BlackElo "3005"]
[TimeControl "180+1"]
[EndTime "15:19:52 PST"]
[Termination "Game drawn - insufficient material"]

1. d4 Nf6 2. Nf3 b6 3. g3 Bb7 4. Bg2 c5 5. O-O cxd4 6. Nxd4 Bxg2 7. Kxg2 Qc7 8. b3 e5 9. Nf3 d5 10. Bb2 Nbd7 11. Nbd2 Bc5 12. e3 O-O 13. c4 Rfd8 14.
Qe2 Qb7 15. Kg1 e4 16. Nd4 Ne5 17. cxd5 Nd3 18. Nxe4 Nxe4 19. Qxd3 Qxd5 20. Rad1 Re8 21. Nf3 Qh5 22. Kg2 Rac8 23. Qd5 Qxd5 24. Rxd5 Bxe3 25. Bd4 Bxd4 26. Rxd4 Nc5 27. Rfd1 h6 28. R1d2 g6 29. h4 Kg7 30. Rc4 a5 31. Rdc2 Rcd8 32. b4 axb4 33.
Rxb4 Rd6 34. Rbc4 Rf6 35. Nh2 Nd3 36. Nf3 h5 37. R4c3 Rd8 38. Re2 Rd5 39. Ng5 Nc5 40. Rce3 Rdf5 41. f4 Rd6 42. Re7 b5 43. Ra7 Ra6 44.
Ree7 Rxa7 45. Rxa7 b4 46. Kf3 Kf8 47. Rc7 Kg8 48.
Nxf7 Rxf7 49. Rxc5 Ra7 50. Rc2 Ra3+ 51. Kg2 Kf7 52.
Kh3 Kf6 53. Rc4 Ra4 54. Rc6+ Kf7 55. Rb6 Rxa2 56. Rxb4 Kf6 57. Rb5 Kg7 58. Rb6 Kh7 59. Rb7+ Kh6 60. Rc7 Rb2 61. Rc1 Ra2 62. Rg1 Kg7 63. Rg2 Ra1 64. Re2 Kf6 65. Kg2 Ra3 66.
Kf2 Kf5 67. Re5+ Kf6 68. Re3 Ra2+ 69. Kf3 Ra5 70. Rd3 Kf5 71. Rc3 Rb5 72. Ra3 Rc5 73.
Ra6 Rc3+ 74. Kg2 Rb3 75. Ra5+ Kf6 76. Re5 Rb2+ 77. Kf3 Rb3+ 78. Re3 Rb5 79. g4 Rb1 80. g5+ Kf7 81. Rd3 Rh1 82. Rd7+ Kf8 83. Ke4 Rxh4 84. Ke5 Rg4 85. Kf6 Rxf4+ 86. Kxg6 h4 87. Rd8+ Ke7 88. Rh8 Ra4 89. Kg7 Ke6 90. g6 Ra7+ 91.
Kh6 Kf5 92. Rf8+ Kg4 93. g7 Rxg7 94. Kxg7 h3 95. Rh8 Kg3 96. Rxh3+ Kxh3 1/2-1/2